[Event "2nd Serbia Open Masters 2022"]
[Site "Novi Sad"]
[Date "2022.06.29"]
[Round "2.49"]
[White "Dixit, Nikhil"]
[Black "Predke, Alexandr"]
[Result "0-1"]
[ECO "B48"]
[WhiteElo "2331"]
[BlackElo "2688"]
[Annotator "TA"]
[PlyCount "114"]
[EventDate "2022.06.28"]
[EventType "swiss"]
[EventCountry "SRB"]
[SourceTitle "playchess.com"]
[Source "ChessBase"]
[SourceQuality "1"]
[TimeControl "40/5400+30:900+30"]

1. e4 c5 2. Nf3 e6 3. d4 cxd4 4. Nxd4 Nc6 5. Nc3 Qc7 6. Be3 a6 7. Bd3 Bd6 {[%emt 0:10:35] B48: Sicilian: Taimanov: 5 Nc3 Qc7 6 Be3 a6 without Be2.} 8. Nxc6 bxc6 9. Qg4 {[%emt 0:02:37] [#]} Ne7 $146 (9... Kf8 $14) ({Predecessor:} 9... Be5 10. f4 Bf6 11. e5 h5 12. Qg3 h4 13. Qf2 Bd8 14. Ne4 g6 15. Nd6+ Kf8 {1-0 (45) Wittig,D-Hoermann,G freechess.de 2017}) 10. f4 (10. Qxg7 $16 Rg8 11. Qh6 (11. Qxh7 Be5 $16)) 10... O-O $14 11. e5 Bb4 12. O-O Nf5 13. Qh3 h6 14. Bf2 $40 {[%emt 0:05:43][%mdl 128] White attacks with force.} Ne7 (14... d6 $16 {might work better.}) 15. Ne4 Ng6 16. Be3 d5 17. exd6 Bxd6 18. Nxd6 Qxd6 19. Qh5 Qb8 20. b3 Kh7 21. Rf3 f5 22. Rg3 Rf6 23. Bd4 (23. Rf1 $142 $1 {And now Bd4 would win.} Qd6 24. Be2) 23... Nxf4 $16 24. Qe8 (24. Qg4 Rg6 25. Qd1 e5 26. Rxg6 Nxg6 $15) 24... Rg6 25. Rxg6 (25. Qxc6 Rxg3 26. hxg3 Nxd3 27. cxd3 e5 $11) 25... Nxg6 26. Qxc6 ({Much weaker is} 26. Qf7 Qb7 27. Qxb7 (27. Qe8 c5 $17) 27... Bxb7 $11) (26. Rd1 $16) 26... e5 $11 27. Bf2 e4 28. Bc4 Ne5 29. Qe8 (29. Qc5 $11 Nxc4 30. Qxc4) 29... Nxc4 $15 30. bxc4 Qb2 31. Rf1 Qxc2 32. Bd4 {[%emt 0:01:31] White threatens Qf7 and mate.} Qxc4 33. Qe5 Qf7 34. Qxe4 Ra7 35. Qf4 Re7 36. a3 Qd5 {[%emt 0:00:31] Threatens to win with ...Re4.} 37. Rd1 (37. Bc3 $17) 37... Bb7 $19 38. Qf2 f4 ({Black should try} 38... Re4 $19 39. h3 Re6) 39. Qc2+ $15 Qe4 40. Qxe4+ Rxe4 {[%emt 0:00:00][%mdl 4096] Endgame KRB-KRB} (40... Bxe4 $17 41. g3 fxg3 42. hxg3 Bf3) 41. Kf2 (41. Bxg7 $1 $11 Re2 42. Be5) 41... Bc6 42. Rd2 g5 43. h3 Kg6 44. Bb2 Rc4 45. Rd6+ Kf5 (45... Kf7 $17 {White must now prevent ...Rc2+.} 46. Rf6+ Ke8 47. Re6+ Kf7 48. Rf6+ Ke8 49. Re6+ Kd7) 46. Rd2 {[%emt 0:01:47] [#] Inhibits Rc2.} ({Don't play} 46. Rf6+ Ke4 47. Re6+ Kd5 $17) (46. g4+ $15 fxg3+ 47. Kxg3) 46... h5 $1 $19 47. Bd4 Be4 {[%emt 0:00:40] Hoping for ...Rc1.} 48. Bb2 {[%emt 0:00:30] Inhibits Rc1.} (48. g3 $17 {is a better defense.}) 48... Rc5 49. Bd4 (49. g3 {was called for.}) 49... Rc1 50. Bb2 Rb1 51. Bg7 $2 (51. a4) 51... Rb7 (51... g4 $142 {Strongly threatening ...g3+.} 52. hxg4+ hxg4) 52. Bb2 Rb3 53. a4 (53. Bc1 $142 Re3 54. g4+ hxg4 55. hxg4+ Kxg4 56. Rd4 Rf3+ 57. Ke1) 53... g4 54. hxg4+ hxg4 {[%emt 0:00:03] aiming for ...Re3.} 55. Kf1 g3 (55... Re3 $142 56. Bc1 Bd3+ 57. Rxd3 Rxd3 58. Ke2 Rc3 59. Bd2 Ra3 60. Bc1 Rxa4 61. Ke1 Ra1 62. Kd2 Ra2+ 63. Kc3 Rxg2 64. Bd2 {[#]} Rxd2 $1 65. Kxd2 g3 66. Ke1 f3 67. Kf1 g2+ 68. Kg1 Kf4 69. Kf2 Ke4 70. Ke1 g1=Q+ 71. Kd2 f2 72. Kc2 Qa1 73. Kd2 Qb2+ 74. Kd1 f1=Q#) 56. Kg1 Re3 57. Kf1 Bd3+ {[%emt 0:00:04] What a fight!  Weighted Error Value: White=0.67/Black=0.28 (precise)} 0-1

[Event "2nd Serbia Open Masters 2022"]
[Site "Novi Sad"]
[Date "2022.06.29"]
[Round "2.50"]
[White "Spasic, Petar"]
[Black "Demchenko, Anton"]
[Result "1/2-1/2"]
[ECO "A21"]
[WhiteElo "2336"]
[BlackElo "2654"]
[Annotator "TA"]
[PlyCount "89"]
[EventDate "2022.06.28"]
[EventType "swiss"]
[EventCountry "SRB"]
[SourceTitle "playchess.com"]
[Source "ChessBase"]
[SourceQuality "1"]
[TimeControl "40/5400+30:900+30"]

1. c4 e5 2. Nc3 Bb4 3. Nd5 a5 4. Nf3 d6 5. g3 Ne7 6. Bg2 {[%emt 0:05:32] [#] A21: English Opening: 1...e5 2 Nc3.} O-O $146 ({Predecessor:} 6... Nxd5 7. cxd5 Bc5 8. O-O Qf6 9. d3 O-O 10. Nd2 Qe7 11. Nc4 Nd7 12. Bd2 a4 {0-1 (29) Ivanisevic,I (2604)-Donchenko,A (2646) Chess.com INT 2020}) 7. O-O Nbc6 8. d4 {[%emt 0:06:46] White has an edge.} (8. e3 $5 ) 8... Nxd5 (8... exd4 {feels hotter.} 9. Nxd4 Nxd4 10. Qxd4 Bc5) 9. cxd5 Nxd4 10. Nxd4 exd4 11. Qxd4 Qe8 12. Bd2 Bc5 13. Qd3 b6 14. Rfe1 Qe5 15. Bc3 Qf5 16. Qxf5 Bxf5 17. e4 Bd7 18. e5 dxe5 19. Bxe5 Rac8 20. Bf1 f6 21. Bf4 g5 22. Be3 {[%emt 0:00:24] Hoping for Bxc5.} Bd6 23. f4 Rce8 24. Bd2 Bf5 25. fxg5 Bc5+ 26. Kh1 Bd4 27. Bf4 Bxb2 28. Rad1 Bg4 (28... Rxe1 $11 29. Rxe1 fxg5 30. Bxc7 Bc3) 29. Rxe8 (29. Bxc7 $14 {might be stronger.} fxg5 {[#]} 30. d6 $1 Bf3+ 31. Bg2 Bxd1 32. Rxd1) 29... Rxe8 $11 30. Rd2 (30. Rb1 $11 Be5 31. gxf6 Bxf4 32. gxf4) 30... fxg5 {[%emt 0:07:19] [#] Threatens to win with ...Ba3.} 31. Bxc7 Bc1 32. Rd3 (32. Rf2 $11 {keeps the balance.}) 32... Re1 $17 33. Kg2 {[%emt 0:01:07] Inhibits Bh3+.} Bf5 ({Black should try} 33... Be3 $15) 34. d6 $1 $11 {[%emt 0:05:29] Strongly threatening d7.} Be4+ 35. Kh3 {[%emt 0:00:06] And now d7 would win.} Bf5+ (35... Rxf1 $5 36. d7 Bf5+ 37. Kg2 Bxd7 38. Kxf1 (38. Rxd7 Rf6 $17) 38... Bb5 $11) 36. Kg2 ({Avoid the trap} 36. g4 $2 Bxd3 37. Bxd3 Re3+ 38. Kg2 Rxd3 $19) 36... Bxd3 (36... Be4+ $11 37. Kh3 Bf5+ 38. Kg2 (38. g4 $2 Bxd3 39. Bxd3 Re3+ 40. Kg2 Rxd3 $19)) 37. Bxd3 {[%emt 0:00:08][%mdl 4096] Endgame d7 would kill now. KRB-KB} Rd1 38. d7 (38. Bb5 $14 Kf7 39. d7) 38... Rd2+ {[%emt 0:01:13] The position is equal.} 39. Kf1 Rxd3 40. d8=Q+ Rxd8 41. Bxd8 a4 {[%emt 0:03:43] aiming for ...b5.} 42. Bxb6 Kf7 43. Ke2 Ke6 44. Kd3 Kd5 45. g4 {[%emt 0:00:43] Weighted Error Value: White=0.11 (very precise) /Black=0.10 (very precise)} 1/2-1/2

[Event "2nd Serbia Open Masters 2022"]
[Site "Novi Sad"]
[Date "2022.06.29"]
[Round "2.51"]
[White "Milosevic, Milos"]
[Black "Indjic, Aleksandar"]
[Result "0-1"]
[ECO "B81"]
[WhiteElo "2288"]
[BlackElo "2621"]
[Annotator "TA"]
[PlyCount "66"]
[EventDate "2022.06.28"]
[EventType "swiss"]
[EventCountry "SRB"]
[SourceTitle "playchess.com"]
[Source "ChessBase"]
[SourceQuality "1"]
[TimeControl "40/5400+30:900+30"]

1. e4 c5 2. Nf3 e6 3. d4 cxd4 4. Nxd4 Nf6 5. Nc3 d6 6. g4 h6 7. h4 Nc6 8. Rg1 d5 9. Bb5 Bd7 10. exd5 Nxd5 11. Nxd5 exd5 12. Qe2+ {[%emt 0:00:30] B81: Sicilian Scheveningen: Keres Attack.} Be7 {[%emt 0:00:30] [#]} 13. Nxc6 $146 ({Predecessor:} 13. Nf5 Bxf5 14. gxf5 Kf8 15. Be3 Bf6 16. O-O-O Qd6 17. c3 Rd8 18. Rd2 Kg8 19. Rgd1 Qe5 {½-½ (47) Gokerkan,C (2470)-Ronka,E (2303) Belgrade 2021}) 13... bxc6 14. Bd3 {[%emt 0:00:30] Black is better.} Kf8 (14... O-O $17 {Threatens to win with ...Re8.} 15. g5 Re8) 15. g5 (15. h5 $11) 15... hxg5 $17 16. hxg5 $2 {[%emt 0:00:30] This move loses the game for White.} (16. Bxg5 $17 Bxg5 17. hxg5) 16... Qb6 $1 $19 17. Qf3 Re8 $1 {[%emt 0:00:30] Strongly threatening ...Rh3.} ({Weaker is} 17... Rh3 18. Rg3 Rh2 19. Kf1 $17) 18. g6 (18. Be3 $142 d4 19. O-O-O) 18... Bf6+ 19. Kd1 $2 (19. Kf1 Bh3+ 20. Rg2) 19... Rh3 20. Qf4 c5 {[%emt 0:00:30] aiming for ...c4.} 21. gxf7 Re5 {[%emt 0:00:30] Hoping for ...g5.} 22. b4 {[%emt 0:00:30] [#]} Rxd3+ $1 23. cxd3 Ba4+ {[%emt 0:00:30] A strong pair of Bishops.} 24. Kd2 Qe6 25. Qg4 {[%emt 0:00:30] Prevents Re2+.} Rf5 (25... Bg5+ $142 26. f4 Bxf4+ $1 27. Kc3 d4+ 28. Kb2 Re2+ 29. Bd2 Rxd2+ 30. Kb1 Bc2+ 31. Kc1 Rf2+ 32. Qxf4 Rxf4 33. Kb2 Rf2 34. Raf1 Rd2 35. Rg2 Rxg2 36. Ka3 Bxd3 37. Rf2 Rxf2 38. bxc5 Rxa2+ 39. Kb4 Qc4#) 26. f3 Bc3+ {[%emt 0:00:30][%mdl 64] Decoy. Black mates.} 27. Kxc3 {[%emt 0:00:30] [#]} d4+ $1 28. Kb2 {[%emt 0:00:30] [#]} Qe2+ $1 29. Ka3 cxb4+ 30. Kxb4 a5+ 31. Kxa4 Qc2+ 32. Ka3 Qc3+ 33. Ka4 Qb4# {[%emt 0:00:30] Weighted Error Value: White=1.56/Black=0.23 (precise)} 0-1

[Event "2nd Serbia Open Masters 2022"]
[Site "Novi Sad"]
[Date "2022.06.29"]
[Round "2.52"]
[White "Saravanan, V.."]
[Black "Suleymanli, Aydin"]
[Result "1/2-1/2"]
[ECO "D26"]
[WhiteElo "2324"]
[BlackElo "2537"]
[Annotator "TA"]
[PlyCount "76"]
[EventDate "2022.06.28"]
[EventType "swiss"]
[EventCountry "SRB"]
[SourceTitle "playchess.com"]
[Source "ChessBase"]
[SourceQuality "1"]
[TimeControl "40/5400+30:900+30"]

1. Nf3 d5 2. d4 Nf6 3. c4 e6 4. Nc3 dxc4 5. e3 a6 6. Bxc4 b5 7. Be2 Bb7 8. O-O Nbd7 {[%emt 0:00:37] D26: Queen's Gambit Accepted: 4 e3 e6 5 Bxc5 c5 sidelines.} 9. b3 c5 10. Bb2 Rc8 {[%emt 0:01:18] The position is equal.} 11. Rc1 Be7 12. dxc5 Bxc5 13. Nd4 {[%emt 0:06:58] [#]} Qb6 $146 ({Predecessor:} 13... Ne5 14. Nf3 Qxd1 15. Rfxd1 Nxf3+ 16. Bxf3 Bxf3 17. gxf3 Ke7 18. Ne4 Nxe4 19. fxe4 {½-½ (32) Peska,J (1959)-Halas,M (1939) Slovakia 2009}) 14. Bf3 Bxf3 15. Qxf3 Ne5 16. Qg3 Ng6 17. Rfd1 O-O 18. Qf3 Be7 19. a4 b4 20. Nb1 Nd5 21. Nf5 Bf6 22. Nh6+ gxh6 23. Bxf6 Rxc1 24. Rxc1 Nxf6 25. Qxf6 Qd8 {[%emt 0:00:13] Against Nd2} 26. Qd4 Qxd4 27. exd4 $14 {[%emt 0:00:05][%mdl 4096] Endgame KRN-KRN} Rd8 28. Rc4 Ne5 29. Rxb4 a5 30. Rb5 Nc6 31. g3 Nxd4 32. Rxa5 (32. Rb7 $14) 32... Nxb3 $15 {[%emt 0:01:07] Black is slightly better.} 33. Rb5 Rd1+ 34. Kg2 Rxb1 35. a5 Kg7 36. a6 {[%emt 0:00:09] [#]} Ra1 $1 {[%emt 0:00:24] Against Ra5} 37. Rxb3 Rxa6 38. Rb7 h5 {[%emt 0:00:04] Weighted Error Value: White=0.09 (flawless) /Black=0.04 (flawless)} 1/2-1/2

[Event "2nd Serbia Open Masters 2022"]
[Site "Novi Sad"]
[Date "2022.06.30"]
[Round "3.1"]
[White "Babazada, Khazar"]
[Black "Sarana, Alexey"]
[Result "1-0"]
[ECO "B92"]
[WhiteElo "2431"]
[BlackElo "2675"]
[Annotator "TA"]
[PlyCount "115"]
[EventDate "2022.06.28"]
[EventType "swiss"]
[EventCountry "SRB"]
[SourceTitle "playchess.com"]
[Source "ChessBase"]
[SourceQuality "1"]
[TimeControl "40/5400+30:900+30"]

1. e4 c5 2. Nf3 d6 3. d4 cxd4 4. Nxd4 Nf6 5. Nc3 a6 6. Be2 e5 7. Nb3 Be7 8. g4 h6 $1 9. h4 {[%emt 0:00:18] B92: Sicilian Najdorf: 6 Be2.} Be6 10. Be3 Nbd7 11. Rg1 {[%emt 0:00:42] The position is equal.} Nh7 {[%emt 0:04:26] [#] Prevents g5.} 12. Rh1 $146 ({Predecessor:} 12. h5 Rc8 13. Qd2 O-O 14. O-O-O b5 15. Kb1 Nb6 16. f4 exf4 17. Bxf4 Ng5 18. Bxg5 {½-½ (18) Ponomariov,R (2663)-Kovchan,A (2575) Kiev 2018}) 12... Nhf6 13. Rg1 Nh7 {[%emt 0:00:45] Against g5} 14. Rh1 Rc8 (14... Nhf6 $11 {is more appropriate.}) 15. g5 $1 $14 Nb6 16. Qd2 ({Much weaker is} 16. gxh6 gxh6 17. Qd2 (17. Bxh6 Ng5 $11) 17... Nf6 $11) 16... Nf8 17. O-O-O hxg5 18. hxg5 Rxh1 19. Rxh1 Ng6 {[%emt 0:01:13] Inhibits Rh8+.} 20. Kb1 Qc7 21. Na5 Bd8 22. Rd1 {[%emt 0:01:16] White is more active.} Be7 23. f3 (23. a3 $16) 23... Nd7 (23... Nf4 $1 $11) 24. Nd5 Bxd5 25. exd5 Nf4 $1 26. Bxf4 exf4 27. g6 (27. Rg1 $5 ) 27... fxg6 28. Bf1 Ne5 29. Bh3 Nxf3 30. Qf2 (30. Qe2 $11) 30... Qc5 $1 $17 31. Qg2 (31. Qxf3 $2 {leads to mate.} Qxc2+ 32. Ka1 Qc1+ $3 33. Rxc1 Rxc1#) 31... Nh4 32. Qe4 Rc7 33. Nb3 Qe3 34. Qa4+ b5 35. Qa5 {[%emt 0:00:21] [#]} Ra7 ({Black should try} 35... Rxc2 $1 $17 36. Kxc2 Qxh3 37. Qxa6 Qf5+ 38. Kc3 Bf6+ 39. Kb4 Qe4+ 40. Ka3 g5 41. Qxb5+ Kf7) 36. Be6 $1 $11 f3 $2 {[%emt 0:00:04][%mdl 8192] [#] Black is on the road to losing.} (36... Bf6 $11) 37. Re1 $1 $18 Qf2 (37... Bd8) 38. Qc3 {[%emt 0:00:42] White wants to mate with Qc6+.} Bf6 39. Qc8+ Ke7 40. Rc1 Be5 41. Na5 {[%emt 0:01:58] Intending Nc6+ and mate.} Qb6 42. Nc6+ Kf6 43. Bh3 {[%emt 0:00:23] Threatening mate with Qe6+.} Re7 {[%emt 0:03:23] Prevents Qe6+.} 44. Nxe7 Qd4 45. c3 Qe4+ 46. Ka1 Bg3 47. Qf8+ Kg5 48. Qxg7 Qe3 49. Rb1 {[%emt 0:03:34] Threatens to win with Ng8.} Be5 50. Qf8 {[%emt 0:00:07] And now Ng8 would win.} b4 $2 (50... f2 $18 51. Ng8 Qxh3 52. Qxf2 Kh5 53. Nf6+ Kh6) 51. Ng8 Nf5 52. Bxf5 Kh4 53. Qe7+ (53. Qf7 $142 Bh2 54. Rh1 Qg5 55. Qh7+ Qh5 56. Rxh2+ Kg3 57. Rxh5 gxh5 58. Be4) 53... Kg3 {[%emt 0:00:00] [#]} 54. Rh1 $1 {[%emt 0:00:54] White threatens Qh4+ and mate.} bxc3 (54... gxf5 55. Qh4+) 55. Qh4+ Kg2 56. Qh3+ Kf2 57. Nh6 Qe2 58. Ng4# {[%emt 0:00:05] Weighted Error Value: White=0.11 (very precise) /Black=0.37} 1-0

[Event "2nd Serbia Open Masters 2022"]
[Site "Novi Sad"]
[Date "2022.06.30"]
[Round "3.2"]
[White "Jumabayev, Rinat"]
[Black "Nogerbek, Kazybek"]
[Result "1-0"]
[ECO "A28"]
[WhiteElo "2628"]
[BlackElo "2424"]
[Annotator "TA"]
[PlyCount "117"]
[EventDate "2022.06.28"]
[EventType "swiss"]
[EventCountry "SRB"]
[SourceTitle "playchess.com"]
[Source "ChessBase"]
[SourceQuality "1"]
[TimeControl "40/5400+30:900+30"]

1. c4 Nf6 2. Nc3 e5 3. Nf3 Nc6 4. e3 Bb4 5. Qc2 Bxc3 6. Qxc3 Qe7 7. Be2 {[%emt 0:00:02] 7.d4 gains popularity.} d5 {[%emt 0:00:25] A28: English Opening: Four Knights Variation.} 8. d4 exd4 9. Nxd4 Nxd4 {[%emt 0:00:14] The position is equal.} 10. Qxd4 c5 11. Qh4 dxc4 12. Qxc4 (12. Bxc4 {keeps more tension.} O-O 13. O-O Qe5 14. Qg3) 12... O-O 13. O-O b6 {[%emt 0:02:16] [#]} 14. f3 $146 ({Predecessor:} 14. Rd1 a5 15. Qb3 Qc7 16. f3 Be6 17. Qc2 Nd5 18. a3 Rfd8 19. Bf1 Qe5 20. e4 {½-½ (50) Howell,D (2702)-Tari,A (2591) Tbilisi 2017}) 14... Bb7 15. e4 Rfd8 16. Qc2 Nd7 17. Kh1 Ne5 18. Be3 h6 19. Rad1 Rxd1 20. Rxd1 Rd8 21. Rxd8+ Qxd8 22. Qd2 Qxd2 23. Bxd2 $11 {[%emt 0:00:01][%mdl 4096] Endgame KBB-KBN} Bc8 24. Bc3 Nc6 25. Kg1 Be6 26. a3 f6 27. Kf2 Kf7 28. f4 Ke7 29. Ke3 Kd6 30. g4 Ke7 31. h4 Kf7 32. f5 Bb3 33. Kf4 g5+ {[%emt 0:04:26] This move loses the game for Black.} (33... Bc2 $14) 34. fxg6+ $1 $18 Kxg6 35. e5 fxe5+ 36. Bxe5 Kf7 ({Less strong is} 36... Nxe5 37. Kxe5 c4 38. Bf3) 37. Bf3 Ne7 (37... Nxe5 $16 38. Kxe5 Ke7) 38. Bb8 a5 {[%emt 0:00:40] [#]} 39. g5 $1 Ng6+ 40. Kg4 hxg5 41. Kxg5 ({But not} 41. hxg5 $6 a4 42. Bc7 b5 $16) 41... Nf8 42. Be4 b5 (42... Ne6+ $142 43. Kf5 Kg7) 43. h5 b4 44. Bd6 {[%emt 0:00:00] [#] Black must now prevent h6.} bxa3 $2 (44... Ne6+ 45. Kh4 Kg7 46. Be5+ Kh6) 45. bxa3 Ne6+ 46. Kh4 Kg7 47. Be5+ {[%emt 0:00:00] This bishop pair is nice.} Kg8 48. h6 {[%emt 0:00:00] White wants to mate with h7+.} Nf8 {[%emt 0:00:05] Inhibits h7+.} 49. Bd6 a4 50. Bxc5 Nh7 51. Bd4 Nf8 52. Bc3 Nh7 53. Kg4 Nf8 54. Kf4 Nh7 55. Kf5 Kf8 56. Ke5 Ng5 (56... Kg8 $18 57. Kf5 Kf7) 57. Kf4 {[%emt 0:01:12] White mates.} Nh3+ 58. Kg4 Nf2+ 59. Kh4 {[%emt 0:00:07] Weighted Error Value: White=0.06 (flawless) /Black=0.39} 1-0

[Event "2nd Serbia Open Masters 2022"]
[Site "Novi Sad"]
[Date "2022.06.30"]
[Round "3.4"]
[White "Bernadskiy, Vitaliy"]
[Black "Injac, Teodora"]
[Result "1/2-1/2"]
[ECO "A00"]
[WhiteElo "2636"]
[BlackElo "2384"]
[Annotator "TA"]
[PlyCount "73"]
[EventDate "2022.06.28"]
[EventType "swiss"]
[EventCountry "SRB"]
[SourceTitle "playchess.com"]
[Source "ChessBase"]
[SourceQuality "1"]
[TimeControl "40/5400+30:900+30"]

1. Nc3 e5 2. Nf3 Nc6 3. d4 exd4 4. Nxd4 Nf6 5. Bg5 Bb4 6. Nxc6 {[%emt 0:03:23] A00: Irregular Openings.} Bxc3+ {[%emt 0:05:14] was the old line (6...bxc6).} 7. bxc3 bxc6 8. Qd4 {[%emt 0:03:13] White has an edge.} Qe7 {[%emt 0:01:55] [#]} 9. Rb1 $146 ({Predecessor:} 9. e3 c5 10. Qf4 h6 11. Bxf6 Qxf6 12. Qxf6 gxf6 13. Rb1 d6 14. g3 c6 15. Kd2 {1-0 (38) Bogdanovich,S (2596)-Kjartansson,G (2437) Minsk 2017}) 9... O-O 10. Bxf6 {[%emt 0:02:47] White is more active.} Qxf6 11. Qxf6 gxf6 12. g3 Ba6 13. e3 Rfb8 14. Rb3 Bb5 15. Kd2 Bxf1 16. Rxf1 $14 {[%emt 0:00:30][%mdl 4096] Endgame KRR-KRR} Rb6 17. Rd1 d6 18. Kc1 c5 19. Rd5 Ra6 $1 {[%emt 0:03:32] Prevents Ra3.} 20. Kb2 Re8 21. Rf5 Kg7 22. Rf4 h5 {[%emt 0:02:01] Against Rg4+} 23. Rb7 Rb6+ {[%emt 0:01:00] The position is equal.} 24. Rxb6 axb6 $11 {[%emt 0:01:46] KR-KR} 25. Ra4 f5 26. Kb3 Kf6 27. Ra7 Rc8 28. Kc4 Ke6 29. Kd3 h4 30. gxh4 Rh8 31. Rxc7 Rxh4 32. Rb7 Rxh2 33. Ke2 Rh4 34. Rxb6 Ra4 35. Rb2 Kd5 36. Kd2 f4 37. Kd3 {[%emt 0:06:45] Weighted Error Value: White=0.07 (flawless) /Black=0.05 (flawless)} 1/2-1/2

[Event "2nd Serbia Open Masters 2022"]
[Site "Novi Sad"]
[Date "2022.06.30"]
[Round "3.5"]
[White "Erdogmus, Yagiz Kaan"]
[Black "Adhiban, B.."]
[Result "0-1"]
[ECO "C07"]
[WhiteElo "2383"]
[BlackElo "2616"]
[Annotator "TA"]
[PlyCount "91"]
[EventDate "2022.06.28"]
[EventType "swiss"]
[EventCountry "SRB"]
[SourceTitle "playchess.com"]
[Source "ChessBase"]
[SourceQuality "1"]
[TimeControl "40/5400+30:900+30"]

1. e4 e6 2. d4 d5 3. Nd2 c5 4. Ngf3 cxd4 5. Nxd4 Nc6 6. Bb5 Bd7 7. Nxc6 bxc6 8. Bd3 Qc7 9. Qe2 {[%emt 0:03:09] C07: French Tarrasch: 3...c5, 4 Ngf3 and 4 exd5 Qxd5.} Ne7 10. Nf3 Ng6 11. O-O {[%emt 0:03:04] The position is equal.} Be7 {[%emt 0:03:30] Nowadays more popular than 11...Bd6.} 12. c4 dxe4 13. Bxe4 f5 14. Bc2 O-O 15. Ng5 {[%emt 0:11:15] [#]} Rf6 $146 ({Predecessor:} 15... Bxg5 16. Bxg5 e5 17. Rad1 Rae8 18. h4 Rf7 19. h5 Nf8 20. Bd2 Ne6 21. Bc3 Nf4 {½-½ (30) Svanda,O (2361)-Budisavljevic,L (2516) Teplice 2022}) 16. Rd1 c5 17. h4 e5 18. f4 $2 {[%emt 0:15:13] [#] This move loses the game for White.} ({Better is} 18. Nh3 $15) 18... e4 $1 $19 19. h5 Nf8 20. Be3 h6 21. Nh3 Rb6 22. b3 Bf6 23. Rac1 Ne6 24. Kh1 Nd4 25. Qe1 Be8 26. Qa5 Rd8 27. b4 $2 (27. Rf1) 27... Nxc2 28. Rxd8 Qxd8 29. Bxc5 Qd2 30. Rg1 Rb7 31. Qa6 Qd7 32. Rc1 Nxb4 33. Bxb4 Rxb4 34. c5 Ra4 35. Qe2 Qd3 36. Qe1 Rc4 37. Rd1 Qc3 38. Qe2 Rxc5 39. Qa6 Bxh5 40. Rb1 Kh7 (40... Qg3 $142 41. Ng1 {[#]} Bf3 $1 42. gxf3 Qh4+ 43. Kg2 exf3+ 44. Kf1 Qh1 45. Kf2 Bd4+ 46. Ke1 Qxg1+ 47. Qf1 Bc3+ 48. Kd1 Qd4+ 49. Kc2 Ba5+ 50. Qc4+ Rxc4+ 51. Kb3 Qc3#) 41. Rb8 Qe1+ {[%emt 0:02:42] Black mates.} 42. Kh2 Rc3 43. Rb3 Qg3+ 44. Kh1 {[%emt 0:00:23] [#]} Bf3 $1 45. Qf1 (45. Ng5+ hxg5) 45... Qxh3+ 46. Kg1 {[%emt 0:00:01] Weighted Error Value: White=0.71/Black=0.04 (flawless)} 0-1

[Event "2nd Serbia Open Masters 2022"]
[Site "Novi Sad"]
[Date "2022.06.30"]
[Round "3.6"]
[White "Ceres, Dragos"]
[Black "Puranik, Abhimanyu"]
[Result "1/2-1/2"]
[ECO "B22"]
[WhiteElo "2380"]
[BlackElo "2608"]
[Annotator "TA"]
[PlyCount "36"]
[EventDate "2022.06.28"]
[EventType "swiss"]
[EventCountry "SRB"]
[SourceTitle "playchess.com"]
[Source "ChessBase"]
[SourceQuality "1"]
[TimeControl "40/5400+30:900+30"]

1. e4 c5 2. c3 Nf6 3. e5 Nd5 4. d4 cxd4 5. cxd4 e6 6. Nf3 d6 7. Bc4 Be7 8. O-O {[%emt 0:00:21] B22: Sicilian: 2 c3.} O-O 9. Bd2 dxe5 10. dxe5 Bd7 11. Nc3 Bc6 12. Qe2 Nxc3 13. Bxc3 {[%emt 0:00:10] [#]} Qb6 $146 ({Predecessor:} 13... Bxf3 14. Qxf3 Nc6 15. Rfd1 Qc7 16. Qe4 Rfd8 17. h4 Rxd1+ 18. Rxd1 Rd8 19. Rc1 Qb6 {0-1 (35) Ynojosa Aponte,F (2393)-Praggnanandhaa,R (2608) Chess.com INT 2020}) 14. Rfd1 Bxf3 15. Qxf3 Nc6 16. a3 Bc5 17. Rd7 Rad8 18. Rad1 {[%emt 0:00:12] Threatens to win with b4.} a5 {[%emt 0:03:40] Inhibits b4. A balanced but interesting game.  Weighted Error Value: White=0.04 (flawless) /Black=0.05 (flawless)} 1/2-1/2